 Dungeon Crawl Stone Soup version 0.23-a0-516-g0f8c245 (webtiles) character file.

147 zishaf the Gusty (level 5, -7/28 HPs)
             Began as a Tengu Air Elementalist on Dec 6, 2018.
             Killed from afar by an orc wizard (11 damage)
             ... with a magic dart
             ... on level 3 of the Dungeon.
             The game lasted 00:06:20 (2180 turns).

zishaf the Gusty (Tengu Air Elementalist)           Turns: 2180, Time: 00:06:21

Health: -7/28      AC:  2    Str:  8    XL:     5   Next: 29%
Magic:  2/9        EV: 13    Int: 16    God:
Gold:   158        SH:  0    Dex: 15    Spells: 2/8 levels left

rFire    . . .     SeeInvis .   e - +0 dagger
rCold    . . .     Gourm    .   (no shield)
rNeg     . . .     Faith    .   a - +0 robe
rPois    .         Spirit   .   (helmet restricted)
rElec    .         Reflect  .   (no cloak)
rCorr    .         Harm     .   (no gloves)
MR       .....                  (boots unavailable)
Stlth    ++........             (no amulet)
HPRegen  0.09/turn              (no ring)
MPRegen  0.11/turn              (no ring)

@: no status effects
A: beak, talons 3, able to fly 1
a: Fly


You were on level 3 of the Dungeon.
You were hungry.

You visited 1 branch of the dungeon, and saw 4 of its levels.

You collected 158 gold pieces.

Inventory:

Hand Weapons
 e - a +0 dagger (weapon)
Missiles
 d - 13 poisoned needles
 j - 2 silver javelins (quivered)
Armour
 a - a +0 robe (worn)
Scrolls
 f - a scroll of magic mapping {unknown}
 h - 3 scrolls of identify {unknown}
 k - a scroll of immolation {unknown}
 l - a scroll of amnesia {unknown}
 m - a scroll of remove curse {unknown}
Potions
 b - a potion of mutation {unknown}
 g - a potion of magic {unknown}
 i - a potion of curing {unknown}
 n - a potion of agility {unknown}
Comestibles
 c - 7 rations
 o - 7 chunks of flesh


   Skills:
 + Level 3.2 Dodging
 - Level 2.0 Stealth
 - Level 2.0 Spellcasting
 * Level 4.2 Conjurations
 * Level 5.7 Air Magic


You had 2 spell levels left.
You knew the following spells:

 Your Spells              Type           Power        Failure   Level  Hunger
a - Shock                 Conj/Air       ###.         2%          1    #......
b - Swiftness             Chrm/Air       ##......     10%         2    ###....
c - Static Discharge      Conj/Air       ###.....     9%          3    ###....

Your spell library contained the following spells:

 Spells                   Type           Power        Failure   Level  Hunger
 Airstrike                Air            ###.......   19%         4    #####..
 Lightning Bolt           Conj/Air       ###.......   58%         5    ######.


Dungeon Overview and Level Annotations

Branches:
Dungeon (4/15)
 Temple: D:4-7

Altars:
Elyvilon
Hepliaklqana
Nemelex Xobeh
Xom


Innate Abilities, Weirdness & Mutations

You have a beak for a mouth.
You have claws for feet.
You can fly.


Message History

The orc wizard is moderately wounded.
The orc wizard barely misses you.
You hit the orc wizard.
The orc wizard is moderately wounded.
The orc wizard casts a spell at you. You resist with some effort.
An orc priest comes into view. It is wielding a +0 mace.
The orc wizard mumbles some strange words.
The orc wizard blinks!
The orc wizard hits you with a +0 dagger of electrocution.
You are electrocuted!
The orc wizard barely misses you. The orc wizard closely misses you.
The orc wizard gestures at you while chanting.
The magic dart hits you!
* * * LOW HITPOINT WARNING * * *
You see here a hobgoblin skeleton.
The orc wizard gestures at you while chanting.
The magic dart hits you!
You die...

#.# #....#)..# ##.....# #.#
#........###......# #)#
######)...##..###.# #.#
#....#...# #.# #.#
...####....#...##..# #.#
...........o.......# #.#
########o########### #.### #.#
#........... ....# #.#
####@###### ....###.#### #.####
### # ...........# #.##.##
#.#..#. ....##..##.## #.#...##
#.#.#.#
....##.##...####......###.#.#.#
#......##.#............##.#.#.#
######.##...#####.<...###.#.#.#
# ###..>.####.# ##...## #.....#
# .......# #.# ####.## #...###
#


You could see an orc wizard.

Vanquished Creatures
  2 gnolls (D:2)
  5 adders
  3 worms
  A dart slug (D:3)
  A leopard gecko (D:2)
  4 orcs (D:3)
  7 bats
  A giant cockroach (D:1)
  3 goblins
  9 hobgoblins
  12 jackals
  5 kobolds
  A quokka (D:2)
  A ball python (D:1)
  4 frilled lizards
  5 rats
64 creatures vanquished.

Notes
Turn   | Place    | Note
-------+----------+-------------------------------------------
     0 | D:1      | zishaf the Tengu Air Elementalist began the quest for the
                  | Orb.
     0 | D:1      | Reached XP level 1. HP: 10/10 MP: 4/4
   403 | D:1      | Reached XP level 2. HP: 15/15 MP: 1/6
   421 | D:1      | Learned a level 2 spell: Swiftness
   743 | D:2      | Found a shimmering altar of Xom.
   749 | D:2      | You fall through a shaft for 2 floors!
   808 | D:4      | Reached XP level 3. HP: 18/19 MP: 1/7
   901 | D:3      | Learned a level 3 spell: Static Discharge
   908 | D:3      | Found a faded altar of an unknown god.
  1087 | D:3      | Reached skill level 5 in Air Magic
  1087 | D:3      | Reached XP level 4. HP: 23/24 MP: 0/8
  1163 | D:2      | Found a hazy altar of Hepliaklqana.
  1191 | D:2      | Found a sparkling altar of Nemelex Xobeh.
  1809 | D:2      | Gained mutation: You can fly. [Tengu growth]
  1809 | D:2      | Reached XP level 5. HP: 28/28 MP: 7/9
  1945 | D:3      | Found a white marble altar of Elyvilon.
  2180 | D:3      | Killed from afar by an orc wizard

Vault maps used:
D:1:      scummos_arrival_simple_crosswalls, hex_medium
D:2:      old_standard_altar, lemuel_crystal_altar, overflow_temple_1_default,
          first_ration
D:3:      minmay_recursive_quarters, nicolae_overflow_crystal_walls,
          gammafunk_ghost_cemetery, chequers_ecumenical_altar_grove,
          lemuel_tele_altar
D:4:      lemuel_zombie_altar_yredelemnul, uniq_sigmund

Skill      XL: |  1  2  3  4  5 |
---------------+----------------+-----
Conjurations   | 2 3 4 |  4.2
Air Magic      | 5 |  5.7
Dodging        | 3 |  3.2
Stealth        | |  2.0
Spellcasting   | |  2.0

Action                   |  1- 3 |  4- 6 || total
-------------------------+-------+-------++-------
Melee: Dagger            |    21 |    15 ||    36
       Peck              |     2 |     1 ||     3
       Kick              |     4 |     4 ||     8
 Cast: Shock             |    37 |    51 ||    88
       Static Discharge  |       |     1 ||     1
 Stab: Sleeping          |     2 |       ||     2
  Eat: Chunk             |     1 |     4 ||     5
Armor: Robe              |     4 |     4 ||     8
Dodge: Dodged            |    19 |    29 ||    48

Table legend:
 A = Non-vault XP
 B = Vault XP
 C = Vault XP percentage of total XP
 D = Non-vault monster count
 E = Vault monster count
 F = Vault count percentage of total count
                 A         B        C        D         E       F
            +---------+---------+-------+---------+---------+-------
      Total |     181 |      29 |  13.8 |      54 |      10 |  15.6
            +---------+---------+-------+---------+---------+-------
        D:1 |      15 |       0 |   0.0 |      10 |       0 |   0.0
        D:2 |      91 |       0 |   0.0 |      21 |       0 |   0.0
        D:3 |      50 |      29 |  36.7 |      16 |      10 |  38.5
        D:4 |      25 |       0 |   0.0 |       7 |       0 |   0.0
            +---------+---------+-------+---------+---------+-------
